SKY
MONTREAL EXPOS @ VIRGINIA BLACK BEARS
03/21/2052
 
TOP OF THE 1ST
Montreal Expos batting - Pitching for Virginia Black Bears : RHP Roberto Pommerening
Pitching: RHP Roberto Pommerening
Batting: LHB Hugo Texido 0-0: Ball
1-0: Ground out U3 (Groundball, 23, EV 84.4 MPH)
Batting: RHB Sebastian Reber 0-0: Ground out 6-3 (Groundball, 6, EV 90.6 MPH)
Batting: LHB Joe Edwards 0-0: Ball
1-0: Ball
2-0: Ball
3-0: Called Strike
3-1: Foul Ball, location: 5FF
3-2: Base on Balls
Batting: LHB Sebastian Reznik 0-0: Foul Ball, location: 2F
0-1: Called Strike
0-2: DOUBLE (Line Drive, 8LXD, EV 103.8 MPH)
Joe Edwards to third
Runner from 3rd tries for Home, SAFE, throw by CF to home
Batting: RHB Jin-Seo Yun 0-0: Swinging Strike
0-1: Called Strike
0-2: DOUBLE (Line Drive, 78XD, EV 106.9 MPH)
Sebastian Reznik scores
Batting: RHB Rusty Reffitt 0-0: Ball
1-0: Called Strike
1-1: Ground out 5-3 (Groundball, 56S, EV 85.0 MPH)
Top of the 1st over - 2 runs, 2 hits, 0 errors, 1 left on base; Montreal 2 - Virginia 0
BOTTOM OF THE 1ST
Virginia Black Bears batting - Pitching for Montreal Expos : RHP Calvert Dafney
Pitching: RHP Calvert Dafney
Batting: RHB Rodd Marshall 0-0: Called Strike
0-1: Ground out 4-3 (Groundball, 4, EV 86.3 MPH)
Batting: LHB Daniel Corona 0-0: Called Strike
0-1: Ball
1-1: Ball
2-1: Ball
3-1: Foul Ball, location: 3F
3-2: Base on Balls
Pitching: LHP J.D. Taylor
Batting: LHB Reuben Brellana 0-0: Fly out, F8 (Line Drive, 8LD, EV 87.5 MPH)
Batting: RHB Franklin Bailey 0-0: Ball
1-0: Ball
2-0: Ball
3-0: Base on Balls
Daniel Corona to second
Batting: RHB Peter McFadden 0-0: Called Strike
0-1: Swinging Strike
0-2: Ball
1-2: Ball
2-2: Strikes out swinging
Bottom of the 1st over - 0 runs, 0 hits, 0 errors, 2 left on base; Montreal 2 - Virginia 0
TOP OF THE 2ND
Montreal Expos batting - Pitching for Virginia Black Bears : RHP Roberto Pommerening
Batting: LHB Augustin Urena 0-0: SINGLE (Line Drive, 89M, EV 96.3 MPH)
Batting: SHB Dylan Jakab 0-0: Swinging Strike
0-1: Called Strike
0-2: Ball
1-2: Strikes out looking
Batting: RHB Owen Dyche 0-0: Ball
1-0: Called Strike
1-1: Ball
2-1: Fly out, F9 (Flyball, 89S, EV 92.5 MPH)
Batting: LHB Hugo Texido 0-0: DOUBLE (Line Drive, 7LS, EV 105.0 MPH)
Augustin Urena to third
Batting: RHB Sebastian Reber 0-0: Ball
1-0: Ball
2-0: Foul Ball, location: 3SF
2-1: Called Strike
2-2: Fly out, F7 (Flyball, 7LS, EV 86.3 MPH)
Top of the 2nd over - 0 runs, 2 hits, 0 errors, 2 left on base; Montreal 2 - Virginia 0
BOTTOM OF THE 2ND
Virginia Black Bears batting - Pitching for Montreal Expos : LHP J.D. Taylor
Batting: RHB José Rosendin 0-0: Ball
1-0: Ball
2-0: Foul Ball, location: 2F
2-1: Foul Ball, location: 2F
2-2: Ground out U3 (Groundball, 34S, EV 87.5 MPH)
Batting: RHB Jordan Christiansen 0-0: Ball
1-0: Called Strike
1-1: Swinging Strike
1-2: Ball
2-2: Ground out 6-3 (Groundball, 6, EV 90.6 MPH)
Batting: RHB Gerald Stewart 0-0: Ball
1-0: Foul Ball, location: 2F
1-1: Ball
2-1: Ball
3-1: Called Strike
3-2: Foul Ball, location: 5SF
3-2: Foul Ball, location: 2F
3-2: Foul Ball, location: 2F
3-2: Ground out 6-3 (Groundball, 6, EV 83.8 MPH)
Bottom of the 2nd over - 0 runs, 0 hits, 0 errors, 0 left on base; Montreal 2 - Virginia 0
TOP OF THE 3RD
Montreal Expos batting - Pitching for Virginia Black Bears : RHP Roberto Pommerening
Batting: LHB Joe Edwards 0-0: Ball
1-0: Ball
2-0: SINGLE (Line Drive, 8LS, EV 108.1 MPH)
Batting: LHB Sebastian Reznik 0-0: Ball
1-0: Foul Ball, location: 2RF
1-1: Swinging Strike
1-2: Ball
2-2: Strikes out swinging
Pitching: RHP Prospero González
Batting: RHB Jin-Seo Yun 0-0: Ball
1-0: Swinging Strike
1-1: Foul Ball, location: 9LSF
1-2: Grounds into double play, 6-4-3 (Groundball, 6, EV 107.5 MPH)
Top of the 3rd over - 0 runs, 1 hit, 0 errors, 0 left on base; Montreal 2 - Virginia 0
BOTTOM OF THE 3RD
Virginia Black Bears batting - Pitching for Montreal Expos : LHP J.D. Taylor
Batting: RHB Celso Deida 0-0: Ball
1-0: Swinging Strike
1-1: Swinging Strike
1-2: Foul Ball, location: 5FF
1-2: Ball
2-2: Strikes out swinging
Pitching: RHP Bob Charles
Batting: RHB Rodd Marshall 0-0: Ball
1-0: Called Strike
1-1: SINGLE (Line Drive, 3D, EV 61.9 MPH)
Batting: LHB Daniel Corona 0-0: Grounds into double play, 5-4-3 (Groundball, 56, EV 106.9 MPH)
Bottom of the 3rd over - 0 runs, 1 hit, 0 errors, 0 left on base; Montreal 2 - Virginia 0
TOP OF THE 4TH
Montreal Expos batting - Pitching for Virginia Black Bears : RHP Prospero González
Batting: RHB Rusty Reffitt 0-0: Called Strike
0-1: Ball
1-1: SINGLE (Line Drive, 8LS, EV 95.6 MPH)
Batting: LHB Augustin Urena 0-0: Ball
1-0: Bunted foul
1-1: Ball
2-1: Ball
3-1: Bunted foul
3-2: Strikes out looking
Rusty Reffitt is caught stealing 2nd base 2-6
Batter strikes out.
Batting: SHB Dylan Jakab 0-0: Called Strike
0-1: Ball
1-1: Ball
2-1: Ball
3-1: Base on Balls
Batting: RHB Owen Dyche 0-0: Ball
1-0: Ball
2-0: Called Strike
2-1: Ground out 4-3 (Groundball, 4, EV 101.3 MPH)
Top of the 4th over - 0 runs, 1 hit, 0 errors, 1 left on base; Montreal 2 - Virginia 0
BOTTOM OF THE 4TH
Virginia Black Bears batting - Pitching for Montreal Expos : RHP Bob Charles
Batting: LHB Reuben Brellana 0-0: Called Strike
0-1: Called Strike
0-2: Ball
1-2: Foul Ball, location: 3SF
1-2: Foul Ball, location: 23FF
1-2: Foul Ball, location: 7LMF
1-2: Foul Ball, location: 2F
1-2: Foul Ball, location: 25F
1-2: Ball
2-2: SINGLE (Line Drive, 7LS, EV 100.6 MPH)
Pitching: LHP Jeremiah Price
Batting: RHB Franklin Bailey 0-0: Ball
1-0: Grounds into double play, 4-6-3 (Groundball, 4D, EV 105.6 MPH)
Batting: RHB Peter McFadden 0-0: Ball
1-0: Ball
2-0: Foul Ball, location: 5DF
2-1: Ball
3-1: Called Strike
3-2: Strikes out swinging
Bottom of the 4th over - 0 runs, 1 hit, 0 errors, 0 left on base; Montreal 2 - Virginia 0
TOP OF THE 5TH
Montreal Expos batting - Pitching for Virginia Black Bears : RHP Prospero González
Pitching: RHP B.J. Langenburg
Now at 1B: Justin Aguirre
Now in LF: Jay Maier
Now in CF: José Rosendin
Pinch Hitting: RHB Kevin Holly 0-0: Ball
1-0: Foul Ball, location: 2LF
1-1: Ball
2-1: Called Strike
2-2: Ball
3-2: Foul Ball, location: 3F
3-2: Strikes out looking
Batting: RHB Sebastian Reber 0-0: Foul Ball, location: 7LDF
0-1: Ball
1-1: Swinging Strike
1-2: Ball
2-2: Ball
3-2: Strikes out looking
Batting: LHB Joe Edwards 0-0: Ball
1-0: Ball
2-0: Ball
3-0: Base on Balls
Pitching: LHP Todd Nguyen
Pinch Hitting: RHB Aaron Bardales 0-0: Foul Ball, location: 2F
0-1: Fly out, F9 (Flyball, 9D, EV 103.1 MPH)
Top of the 5th over - 0 runs, 0 hits, 0 errors, 1 left on base; Montreal 2 - Virginia 0
BOTTOM OF THE 5TH
Virginia Black Bears batting - Pitching for Montreal Expos : LHP Jeremiah Price
Now at 1B: Aaron Bardales
Now at 2B: A.J. Comings
Now at 3B: Ben McKim
Now at SS: Jonah Pérez
Now in CF: Elwood Sehi
Now in RF: Kim Tobias
Batting: RHB José Rosendin 0-0: Ball
1-0: Swinging Strike
1-1: Called Strike
1-2: Ball
2-2: Strikes out swinging
Batting: RHB Jordan Christiansen 0-0: Called Strike
0-1: Foul Ball, location: 2F
0-2: Ball
1-2: Strikes out swinging
Batting: RHB Gerald Stewart 0-0: Ball
1-0: Called Strike
1-1: Called Strike
1-2: Foul Ball, location: 2F
1-2: Ball
2-2: Foul Ball, location: 3DF
2-2: Ball
3-2: Strikes out swinging
Bottom of the 5th over - 0 runs, 0 hits, 0 errors, 0 left on base; Montreal 2 - Virginia 0
TOP OF THE 6TH
Montreal Expos batting - Pitching for Virginia Black Bears : LHP Todd Nguyen
Now at 3B: Maxwell Guerriero
Now in CF: Ryland Oliver
Now in RF: Mike Fisher
Pinch Hitting: RHB Judah Weller 0-0: Ground out U3 (Groundball, 34S, EV 89.4 MPH)
Batting: LHB Kim Tobias 0-0: Called Strike
0-1: Ball
1-1: Called Strike
1-2: Fly out, F8 (Flyball, 8RD, EV 98.1 MPH)
Batting: RHB Bassett Kries 0-0: Ball
1-0: Ball
2-0: Foul Ball, location: 5FF
2-1: Called Strike
2-2: Strikes out swinging
Top of the 6th over - 0 runs, 0 hits, 0 errors, 0 left on base; Montreal 2 - Virginia 0
BOTTOM OF THE 6TH
Virginia Black Bears batting - Pitching for Montreal Expos : LHP Jeremiah Price
Pitching: LHP Israel Cantwell
Now in LF: Judah Weller
Batting: RHB Celso Deida 0-0: Swinging Strike
0-1: Foul Ball, location: 2F
0-2: Strikes out swinging
Batting: SHB Richard Chilekwu 0-0: Ball
1-0: Ground out 6-3 (Groundball, 6, EV 83.1 MPH)
Batting: RHB Jay Maier 0-0: Ball
1-0: Called Strike
1-1: Called Strike
1-2: Foul Ball, location: 25FF
1-2: Strikes out swinging
Bottom of the 6th over - 0 runs, 0 hits, 0 errors, 0 left on base; Montreal 2 - Virginia 0
TOP OF THE 7TH
Montreal Expos batting - Pitching for Virginia Black Bears : LHP Todd Nguyen
Batting: SHB Dylan Jakab 0-0: Fly out, F4 (Line Drive, 4, EV 69.4 MPH)
Batting: SHB Ben McKim 0-0: Ball
1-0: Swinging Strike
1-1: Ball
2-1: Swinging Strike
2-2: Ball
3-2: Strikes out swinging
Pitching: LHP Steve Clark
Batting: SHB Jonah Pérez 0-0: Foul Ball, location: 9LSF
0-1: Ball
1-1: SINGLE (Groundball, 56, EV 100.6 MPH)
Batting: SHB Elwood Sehi 0-0: Ball
Jonah Pérez is caught stealing 2nd base 2-4
Top of the 7th over - 0 runs, 1 hit, 0 errors, 0 left on base; Montreal 2 - Virginia 0
BOTTOM OF THE 7TH
Virginia Black Bears batting - Pitching for Montreal Expos : LHP Israel Cantwell
Batting: RHB Justin Aguirre 0-0: Called Strike
0-1: SINGLE (Line Drive, 89M, EV 90.0 MPH)
Batting: LHB Mike Fisher 0-0: Swinging Strike
0-1: Ball
1-1: Called Strike
1-2: Ball
2-2: Strikes out swinging
Batting: LHB Ryland Oliver 0-0: Ball
1-0: Ball
2-0: Reached on error, E4 (Groundball, 4MD, EV 97.5 MPH)
Justin Aguirre to second
Batting: RHB Maxwell Guerriero 0-0: Ball
1-0: Called Strike
1-1: Swinging Strike
1-2: Strikes out looking
Batting: RHB Jordan Christiansen 0-0: Ball
1-0: Ball
2-0: Swinging Strike
2-1: Foul Ball, location: 2F
2-2: Strikes out swinging
Bottom of the 7th over - 0 runs, 1 hit, 1 error, 2 left on base; Montreal 2 - Virginia 0
TOP OF THE 8TH
Montreal Expos batting - Pitching for Virginia Black Bears : LHP Steve Clark
Pitching: RHP Axl Avery
Batting: SHB Elwood Sehi 0-0: Foul Ball, location: 2F
0-1: Swinging Strike
0-2: Ball
1-2: Ball
2-2: Strikes out looking
Batting: SHB A.J. Comings 0-0: Foul Ball, location: 3F
0-1: Ball
1-1: Foul Ball, location: 9LDF
1-2: Strikes out swinging
Batting: RHB Aaron Bardales 0-0: Called Strike
0-1: Called Strike
0-2: Ball
1-2: Ball
2-2: Ball
3-2: Foul Ball, location: 25F
3-2: Foul Ball, location: 5DF
3-2: Fly out, F6 (Line Drive, 6M, EV 71.9 MPH)
Top of the 8th over - 0 runs, 0 hits, 0 errors, 0 left on base; Montreal 2 - Virginia 0
BOTTOM OF THE 8TH
Virginia Black Bears batting - Pitching for Montreal Expos : LHP Israel Cantwell
Pitching: RHP Russell Coe
Pinch Hitting: LHB Jakob Nero 0-0: Ball
1-0: Ball
2-0: Ball
3-0: Ground out U3 (Groundball, 3, EV 99.4 MPH)
Pinch Hitting: RHB Yorbis Pérez 0-0: SINGLE (Groundball, 4MD, EV 96.9 MPH)
Batting: SHB Richard Chilekwu 0-0: Called Strike
0-1: Foul Ball, location: 7LDF
0-2: Foul Ball, location: 2LF
0-2: Ball
1-2: Ball
2-2: Ground out 4-3 (Groundball, 4, EV 76.3 MPH)
Yorbis Pérez to second
Pitching: RHP Aarón Uribe
Batting: RHB Jay Maier 0-0: Ball
1-0: Fly out, F9 (Flyball, 9, EV 87.5 MPH)
Bottom of the 8th over - 0 runs, 1 hit, 0 errors, 1 left on base; Montreal 2 - Virginia 0
TOP OF THE 9TH
Montreal Expos batting - Pitching for Virginia Black Bears : RHP Axl Avery
Pitching: RHP R.J. Slaven
Now at 2B: Yorbis Pérez
Now at SS: Jakob Nero
Batting: RHB Judah Weller 0-0: Called Strike
0-1: Ball
1-1: Foul Ball, location: 23F
1-2: Ball
2-2: Foul Ball, location: 7LMF
2-2: Ball
3-2: Fly out, F8 (Line Drive, 8LM, EV 108.1 MPH)
Batting: LHB Kim Tobias 0-0: Ball
1-0: Ball
2-0: SINGLE (Line Drive, 89S, EV 108.8 MPH)
Batting: RHB Bassett Kries 0-0: Ball
Kim Tobias steals 2nd base
1-0: Foul Ball, location: 9LMF
1-1: Ball
2-1: Called Strike
2-2: Strikes out swinging
Pitching: RHP Dale Bowyer
Batting: SHB Dylan Jakab 0-0: Ball
1-0: Ball
2-0: Ball
3-0: Ground out 6-3 (Groundball, 6, EV 90.6 MPH)
Top of the 9th over - 0 runs, 1 hit, 0 errors, 1 left on base; Montreal 2 - Virginia 0
BOTTOM OF THE 9TH
Virginia Black Bears batting - Pitching for Montreal Expos : RHP Aarón Uribe
Batting: RHB Justin Aguirre 0-0: SINGLE (Flyball, 6MD, EV 89.4 MPH)
Batting: LHB Mike Fisher 0-0: Called Strike
0-1: Fly out, F8 (Flyball, 8RD, EV 78.1 MPH)
Batting: LHB Ryland Oliver 0-0: Called Strike
0-1: Foul Ball, location: 7LDF
0-2: Foul Ball, location: 25F
0-2: Strikes out swinging
Pinch Hitting: RHB Marco Palma 0-0: Foul Ball, location: 9LMF
0-1: Foul Ball, location: 2F
0-2: Strikes out swinging
Bottom of the 9th over - 0 runs, 1 hit, 0 errors, 1 left on base; Montreal 2 - Virginia 0
Sunday, April 14th , 2024 - OOTP Baseball 24.11 Build 85